 Dungeon Crawl Stone Soup version 0.28.0 (webtiles) character file.

Game seed: 9444678256407052006

58 ragingrage the Chopper (level 3, -4/34 HPs)
             Began as a Minotaur Berserker on Feb 5, 2022.
             Was a Follower of Trog.
             Slain by a gnoll (6 damage)
             ... on level 3 of the Dungeon.
             The game lasted 00:01:20 (2372 turns).

ragingrage the Chopper (Minotaur Berserker)         Turns: 2372, Time: 00:01:20

Health: -4/34      AC:  9    Str: 23    XL:     3   Next: 75%
Magic:  2/2        EV:  8    Int:  4    God:    Trog [*.....]
Gold:   80         SH:  0    Dex:  9    Spells: 2/2 levels left

rFire   . . .      SeeInvis .   i - +0 war axe
rCold   . . .      Faith    .   (no shield)
rNeg    . . .      Spirit   .   f - +0 chain mail
rPois   .          Reflect  .   (helmet restricted)
rElec   .          Harm     .   (no cloak)
rCorr   .          Rampage  .   a - +0 pair of gloves
Will    .....                   (no boots)
Stlth   ..........              (no amulet)
HPRegen 0.11/turn               (no ring)
MPRegen 0.08/turn               (no ring)

@: confused, on berserk cooldown, slowed, very slow
A: horns 2, retaliatory headbutt
a: Renounce Religion, Berserk


You were on level 3 of the Dungeon.
You worshipped Trog.
Trog was aware of your devotion.
You visited 1 branch of the dungeon, and saw 3 of its levels.

You collected 80 gold pieces.

Inventory:

Hand Weapons
 i - a +0 war axe (weapon)
Armour
 a - a +0 pair of gloves (worn)
 f - a +0 chain mail (worn)
Jewellery
 c - an amulet of reflection
Scrolls
 b - a scroll of torment {unknown}
 d - a scroll of summoning {unknown}
 e - 2 scrolls of magic mapping {unknown}
 g - 4 scrolls of identify {unknown}
Potions
 h - a potion of invisibility {unknown}
 j - a potion of heal wounds {unknown}


   Skills:
 + Level 4.4 Fighting
 * Level 5.1 Axes
 - Level 2.4 Armour
 - Level 2.1 Dodging


You had 2 spell levels left.
You didn't know any spells.
Your spell library was empty.

Dungeon Overview and Level Annotations

Branches:
Dungeon (3/15)

Altars:

Shops:
D:2 =


Innate Abilities, Weirdness & Mutations

You have a pair of horns on your head.
You reflexively headbutt those who attack you in melee.


Message History

The gnoll completely misses you. The goblin closely misses you.
An endoplasm comes into view.
The orc wizard points at you and mumbles some strange words.
You are more confused.
Found 12 gold pieces.
The endoplasm quivers.
The gnoll hits you with a +0 whip.
You bump into the rock wall.
You feel your anger nearly subside.
You are no longer berserk.
You are exhausted.
You feel yourself slow down.
You miss the gnoll. You hit the gnoll. You miss the gnoll.
You closely miss the goblin. The gnoll hits you but does no damage.
The goblin hits you but does no damage.
The gnoll hits you but does no damage. x2
The gnoll hits you with a +0 whip. The gnoll hits you but does no damage.
The goblin closely misses you. The gnoll barely misses you.
You slash the gnoll!
The gnoll is almost dead.
You barely miss the gnoll. You hit the gnoll. You closely miss the goblin.
The gnoll barely misses you. The goblin barely misses you.
The gnoll barely misses you. The gnoll hits you with a +0 flail!
The gnoll hits you but does no damage. x2
The goblin hits you but does no damage. The gnoll hits you with a +0 flail.
The orc wizard casts a spell.
The orc wizard flickers and vanishes!
The gnoll hits you with a +0 club. The endoplasm freezes you.
You are frozen.
You bump into the rock wall.
The gnoll hits you with a +0 club!
* * * LOW HITPOINT WARNING * * *
The gnoll hits you with a +0 whip.
* * * LOW HITPOINT WARNING * * *
The endoplasm hits you but does no damage.
The gnoll hits you with a +0 whip.
* * * LOW HITPOINT WARNING * * *
Unknown command.
You're too confused to move!
The endoplasm hits you but does no damage.
The gnoll hits you with a +0 whip.
You die...

#.# #.........#...# #.#
#.........###.# ###.###
#.........#
..†...###.........### .#
.......##...........#..#
.......................###
...................#......
.........#########o{......
.........# #@gg..#....
........## #.Jgo...# ##
......(.# #..g......#
........# #.........#
........# #.........#
#........... #..........#
#.....$...##


You could see an orc wizard, 3 gnolls, an orc, an endoplasm and a goblin.

Vanquished Creatures
  2 adders
  4 orcs (D:3)
  2 endoplasms
  8 goblins
  2 hobgoblins (D:2)
  8 ball pythons
  3 bats
  A frilled lizard (D:1)
  A kobold (D:3)
  3 rats
34 creatures vanquished.

Notes
Turn   | Place    | Note
-------+----------+-------------------------------------------
     0 | D:1      | ragingrage the Minotaur Berserker began the quest for the
                  | Orb.
     0 | D:1      | Reached XP level 1. HP: 19/19 MP: 0/0
   202 | D:1      | Reached skill level 4 in Axes
   283 | D:1      | Reached XP level 2. HP: 26/27 MP: 1/1
   520 | D:1      | You fall into a shaft and drop 1 floor!
  1053 | D:2      | Found Puochucw's Jewellery Boutique.
  1372 | D:1      | Reached XP level 3. HP: 33/33 MP: 2/2
  2117 | D:3      | Reached skill level 5 in Axes
  2371 | D:3      | HP: 1/34 [gnoll (2)]
  2372 | D:3      | Slain by a gnoll

Illustrated notes

Levels and vault maps discovered:
D:1:      lightli_arrival_maybe_door_vault, layout_basic, kennysheep_crisscross,
          minmay_misc_feat_nine_boxes
D:2:      layout_loops_ring, serial_shops, shop
D:3:      layout_rooms, uniq_ijyb, uniq_natasha

Skill      XL: |  1  2  3 |
---------------+----------+-----
Axes           | 4 5 |  5.1
Fighting       | 4 |  4.4
Armour         | |  2.4
Dodging        | |  2.1

Action                   || total
-------------------------++-------
Melee: Hand axe          ||    51
       Headbutt          ||     1
       War axe           ||    10
Invok: Berserk           ||     2
Armor: Animal skin       ||     7
       Chain mail        ||    29
Dodge: Dodged            ||    32
